 Dungeon Crawl Stone Soup version 0.28-a0-1555-g9ae15a6949 (webtiles) character file.

Game seed: 6624548561456412925

65 buddhastalin the Ducker (level 4, -2/38 HPs)
             Began as a Gnoll Gladiator on Jan 19, 2022.
             Killed from afar by Sigmund (5 damage)
             ... with a puff of flame
             ... on level 2 of the Dungeon.
             The game lasted 00:02:29 (1606 turns).

buddhastalin the Ducker (Gnoll Gladiator)           Turns: 1606, Time: 00:02:30

Health: -2/38      AC:  4    Str: 15    XL:     4   Next: 13%
Magic:  5/5        EV: 14    Int:  8    God:
Gold:   37         SH:  0    Dex: 13    Spells: 5/5 levels left

rFire   . . .      SeeInvis .   a - +0 trident
rCold   . . .      Faith    .   (no shield)
rNeg    . . .      Spirit   .   b - +0 leather armour
rPois   .          Reflect  .   c - +0 helmet
rElec   .          Harm     .   (no cloak)
rCorr   .          Rampage  .   (no gloves)
Will    +....                   (no boots)
Stlth   +.........              (no amulet)
HPRegen 0.12/turn               f - ring of willpower
MPRegen 0.09/turn               (no ring)

@: invisible
A: fangs 1, strong nose, distributed training
a: no special abilities


You were on level 2 of the Dungeon.
You visited 1 branch of the dungeon, and saw 2 of its levels.

You collected 37 gold pieces.

Inventory:

Hand Weapons
 a - a +0 trident (weapon)
Missiles
 d - 3 throwing nets (quivered)
Armour
 b - a +0 leather armour (worn)
 c - a +0 helmet (worn)
Jewellery
 f - a ring of willpower (left hand)
Scrolls
 e - a scroll of identify {unknown}
 g - 2 scrolls of enchant armour {unknown}
 h - a scroll of fear {unknown}
 i - a scroll of fog {unknown}


   Skills:
 + Level 4.6 Fighting
 + Level 1.0 Short Blades
 + Level 1.0 Long Blades
 + Level 1.0 Axes
 + Level 1.0 Maces & Flails
 + Level 6.6 Polearms
 + Level 1.0 Staves
 + Level 1.0 Slings
 + Level 1.0 Bows
 + Level 1.0 Crossbows
 + Level 4.6 Throwing
 + Level 1.0 Armour
 + Level 6.6 Dodging
 + Level 1.0 Stealth
 + Level 1.0 Shields
 + Level 1.0 Unarmed Combat
 + Level 1.0 Spellcasting
 + Level 0.8 Conjurations
 + Level 0.8 Hexes
 + Level 0.8 Summonings
 + Level 0.8 Necromancy
 + Level 0.8 Translocations
 + Level 0.8 Transmutations
 + Level 0.8 Fire Magic
 + Level 0.8 Ice Magic
 + Level 0.8 Air Magic
 + Level 0.8 Earth Magic
 + Level 0.8 Poison Magic
 + Level 1.1 Invocations
 + Level 1.0 Evocations


You had 5 spell levels left.
You didn't know any spells.
Your spell library was empty.

Dungeon Overview and Level Annotations

Branches:
Dungeon (2/15)

Altars:

Shops:
D:2 [

Annotations:
D:2 Sigmund


Innate Abilities, Weirdness & Mutations

You have very sharp teeth.
Your uncanny sense of smell can sniff out nearby items.
Your experience applies equally to all skills.


Message History

Deactivating autopickup; reactivate with Ctrl-A.
No target in view!
No target in view!
You hear a zap.
A puff of flame appears from out of thin air!
The puff of flame hits you but does no damage.
You closely miss something. Something barely misses you.
You closely miss something. You completely miss something. Something hits you.
You barely miss something.
You hear a zap.
A puff of flame appears from out of thin air!
The puff of flame hits you!
You hit something but do no damage. You punch something.
You hear a zap.
A puff of flame appears from out of thin air!
The puff of flame hits you!
It was a potion of invisibility.
You fade into invisibility!
Something barely misses you.
You closely miss something. You closely miss something.
Your bite misses something. Something barely misses you.
You closely miss something. Something hits you!
* * * LOW HITPOINT WARNING * * *
You hit something but do no damage.
You hear a zap.
A puff of flame appears from out of thin air!
The puff of flame hits you.
* * * LOW HITPOINT WARNING * * *
You see here a scroll labelled SURAQO BOLOTH.
You barely miss something.
You hear a zap.
A puff of flame appears from out of thin air!
The puff of flame misses you.
You closely miss something. Your punch misses something.
You hear a zap.
A puff of flame appears from out of thin air!
The puff of flame hits you.
You die...

......#........
#######.#########.#
........#.........#
∆
..#######....######
..###........#
..'..........#
..###.####...#
#####'##
#...########.#
##.....#
#......@{....#
.......#
#............#
.#.....#
#...)........#
.##....#
#...........##
.####'##
#..(........#
...##.#
####........#
......# #........#
####### #........#
# ##########


There were no monsters in sight!

Vanquished Creatures
  2 adders (D:2)
  2 dart slugs (D:1)
  7 endoplasms
  A giant cockroach (D:1)
  2 goblins (D:1)
  5 hobgoblins (D:1)
  3 jackals (D:1)
  2 quokkas (D:1)
  6 ball pythons
  2 bats (D:1)
  5 frilled lizards
  3 kobolds (D:1)
  A rat (D:1)
41 creatures vanquished.

Notes
Turn   | Place    | Note
-------+----------+-------------------------------------------
     0 | D:1      | buddhastalin the Gnoll Gladiator began the quest for the
                  | Orb.
     0 | D:1      | Reached XP level 1. HP: 20/20 MP: 1/1
     5 | D:1      | Noticed an electric eel
    32 | D:1      | Found a faded altar of an unknown god.
   119 | D:1      | Reached XP level 2. HP: 26/26 MP: 2/2
   418 | D:1      | Reached XP level 3. HP: 31/31 MP: 3/3
   938 | D:1      | Reached skill level 1 in Invocations
  1228 | D:2      | Reached skill level 1 in Short Blades
  1228 | D:2      | Reached skill level 1 in Long Blades
  1228 | D:2      | Reached skill level 1 in Axes
  1228 | D:2      | Reached skill level 1 in Maces & Flails
  1228 | D:2      | Reached skill level 1 in Staves
  1228 | D:2      | Reached skill level 1 in Slings
  1228 | D:2      | Reached skill level 1 in Bows
  1228 | D:2      | Reached skill level 1 in Crossbows
  1228 | D:2      | Reached skill level 1 in Armour
  1228 | D:2      | Reached skill level 1 in Stealth
  1228 | D:2      | Reached skill level 1 in Shields
  1228 | D:2      | Reached skill level 1 in Unarmed Combat
  1228 | D:2      | Reached skill level 1 in Spellcasting
  1228 | D:2      | Reached skill level 1 in Evocations
  1321 | D:2      | Reached XP level 4. HP: 34/38 MP: 5/5
  1373 | D:2      | Found Rodyed's Antique Armour Shoppe.
  1571 | D:2      | Noticed Sigmund
  1606 | D:2      | Killed from afar by Sigmund

Illustrated notes

Levels and vault maps discovered:
D:1:      arrival_aquarium_a, layout_basic, chequers_ecumenical_altar_island,
          serial_corexii_hall, corexii_hall_statues_x, corexii_hall_statues_x,
          grunt_decor_arrowhead
D:2:      layout_basic, serial_shops, nicolae_shop_advertising_works
          [nicolae_subvault_shop_adworks], nicolae_square_shop, uniq_sigmund

Skill      XL: |  1  2  3 |
---------------+----------+-----
Invocations    | 1 |  1.1
Short Blades   | 1 |  1.0
Long Blades    | 1 |  1.0
Axes           | 1 |  1.0
Maces & Flails | 1 |  1.0
Staves         | 1 |  1.0
Slings         | 1 |  1.0
Bows           | 1 |  1.0
Crossbows      | 1 |  1.0
Armour         | 1 |  1.0
Stealth        | 1 |  1.0
Shields        | 1 |  1.0
Unarmed Combat | 1 |  1.0
Spellcasting   | 1 |  1.0
Evocations     | 1 |  1.0
Fighting       | |  4.6
Polearms       | |  6.6
Throwing       | |  4.6
Dodging        | |  6.6
Conjurations   | |  0.8
Hexes          | |  0.8
Summonings     | |  0.8
Necromancy     | |  0.8
Translocations | |  0.8
Transmutations | |  0.8
Fire Magic     | |  0.8
Ice Magic      | |  0.8
Air Magic      | |  0.8
Earth Magic    | |  0.8
Poison Magic   | |  0.8

Action                   |  1- 3 |  4- 6 || total
-------------------------+-------+-------++-------
Melee: Trident           |    99 |    18 ||   117
       Bite              |     2 |     1 ||     3
       Punch             |     1 |     1 ||     2
  Use: Potion            |       |     1 ||     1
 Stab: Sleeping          |     4 |     1 ||     5
Armor: Leather armour    |    16 |     1 ||    17
Dodge: Dodged            |    42 |     6 ||    48

Table legend: (Time is in decaauts)
 A = Elapsed time spent in this place.
 B = Non-inter-level travel time spent in this place.
 C = Inter-level travel time spent in this place.
 D = Time resting spent in this place.
 E = Time spent auto-exploring this place.
 F = Levels seen in this place.
 G = Mean time per level.
                   A        B        C        D        E       F      G
               +--------+--------+--------+--------+--------+-----+--------+
         Total |   1609 |   1587 |     22 |    256 |   1065 |   2 |  804.5 |
       Dungeon |   1609 |   1587 |     22 |    256 |   1065 |   2 |  804.5 |
               +--------+--------+--------+--------+--------+-----+--------+

Top non-repeatable levels by time:
     D:1: 1120 daAuts
     D:2: 489 daAuts
